 Dungeon Crawl Stone Soup version 0.26-a0-1040-gbe3abf3417 (webtiles) character file.

Game seed: 5933779146992786730

101 Dracia the Covert (level 5, -1/32 HPs)
             Began as a Kobold Delver on Dec 11, 2020.
             Slain by a worker ant (5 damage)
             ... on level 4 of the Dungeon.
             The game lasted 00:01:39 (679 turns).

Dracia the Covert (Kobold Delver)                    Turns: 679, Time: 00:01:40

Health: -1/32      AC:  3    Str:  9    XL:     5   Next: 4%
Magic:  5/5        EV: 14    Int: 12    God:
Gold:   0          SH:  0    Dex: 17    Spells: 4/4 levels left

rFire    . . .     SeeInvis .   a - +0 short sword
rCold    . . .     Faith    .   (shield restricted)
rNeg     . . .     Spirit   .   b - +0 leather armour
rPois    .         Reflect  .   (no helmet)
rElec    .         Harm     .   (no cloak)
rCorr    .         Rampage  .   (no gloves)
Will     .....                  (no boots)
Stlth    +++++.....             (no amulet)
HPRegen  0.10/turn              (no ring)
MPRegen  0.09/turn              (no ring)

@: hasted, very quick
A: small, nightstalker 3
a: no special abilities


You were on level 4 of the Dungeon.
You visited 1 branch of the dungeon, and saw 2 of its levels.


Innate Abilities, Weirdness & Mutations

You are small and have problems with some larger weapons.
You are completely attuned to the shadows.


   Skills:
 - Level 3.2 Fighting
 + Level 4.8 Short Blades
 - Level 2.4 Dodging
 + Level 8.0 Stealth


You had 4 spell levels left.
You didn't know any spells.
Your spell library was empty.

Inventory:

Hand Weapons
 a - a +0 short sword (weapon)
Armour
 b - a +0 leather armour (worn)
Wands
 g - a wand of digging (3)
Scrolls
 c - a scroll of fog
 d - a scroll of magic mapping
 e - a scroll of fear
 h - a scroll of teleportation {unknown}

Dungeon Overview and Level Annotations

Branches:
Dungeon (5/15)
 Temple: D:4-7

Altars:
Dithmenos

.... #. #.#####.
....... .......
..##...# .......
#....##..## ##.....
#..._.#...#####.....
#....##.........[...
#..##...######.....
#@B...## #......
###..## #..#####
#§... ..# Z§§§.#
.§§§.#


You could see a worker ant.


Message History

The worker ant is lightly wounded.
The worker ant bites you.
You hit the worker ant but do no damage.
The worker ant is lightly wounded.
The worker ant closely misses you.
You closely miss the worker ant.
The worker ant is lightly wounded.
The worker ant bites you.
* * * LOW HITPOINT WARNING * * *
You hit the worker ant.
The worker ant is moderately wounded.
The worker ant bites you.
* * * LOW HITPOINT WARNING * * *
You hit the worker ant.
The worker ant is heavily wounded.
The worker ant bites you.
* * * LOW HITPOINT WARNING * * *
You hit the worker ant.
The worker ant is heavily wounded.
The worker ant bites you.
* * * LOW HITPOINT WARNING * * *
You hit the worker ant but do no damage.
The worker ant is heavily wounded.
The worker ant misses you.
Unknown command.
You feel yourself speed up. The worker ant misses you.
You hit the worker ant.
The worker ant is heavily wounded.
The worker ant bites you.
You die...

Skill      XL: |  1  2  3  4 |
---------------+-------------+-----
Short Blades   | 3 4 |  4.8
Stealth        | 7 8 |  8.0
Fighting       | |  3.2
Dodging        | |  2.4

Action                   |  1- 3 |  4- 6 || total
-------------------------+-------+-------++-------
Melee: Short sword       |    18 |    42 ||    60
  Use: Potion            |       |     2 ||     2
 Stab: Sleeping          |     2 |     1 ||     3
Armor: Leather armour    |     3 |     3 ||     6
Dodge: Dodged            |    17 |    31 ||    48

Levels and vault maps discovered:
D:4:      layout_rooms, minmay_temple_entry_overgrown, serial_undead,
          serial_undead_f, serial_undead_b, serial_undead_e, serial_undead_e,
          serial_undead_d, serial_undead_e, serial_undead_f, serial_undead_f,
          nicolae_dithmenos_through_a_glass_darkly, uniq_robin
D:5:      minmay_goblin_kobold_castle, layout_loops_ring, minmay_fountain_box,
          fedhas_altar_4, uniq_sigmund

Notes
Turn   | Place    | Note
-------+----------+-------------------------------------------
     0 | D:5      | Dracia the Kobold Delver began the quest for the Orb.
     0 | D:5      | Reached XP level 1. HP: 14/14 MP: 1/1
    51 | D:5      | Reached skill level 3 in Short Blades
    51 | D:5      | Reached XP level 2. HP: 5/19 MP: 2/2
   548 | D:4      | Noticed a scorpion
   553 | D:4      | Killed a scorpion
   554 | D:4      | Reached skill level 4 in Short Blades
   554 | D:4      | Reached skill level 7 in Stealth
   554 | D:4      | Reached XP level 3. HP: 22/23 MP: 3/3
   554 | D:4      | Reached XP level 4. HP: 27/28 MP: 4/4
   652 | D:4      | Found a shadowy altar of Dithmenos.
   671 | D:4      | Reached skill level 8 in Stealth
   671 | D:4      | Reached XP level 5. HP: 20/32 MP: 5/5
   679 | D:4      | Slain by a worker ant

Vanquished Creatures
  A scorpion (D:4)
  2 hound zombies (D:4)
  2 adders
  A goblin (D:4)
  A quokka (D:4)
7 creatures vanquished.

Vanquished Creatures (others)
  6 withered plants (D:4)
6 creatures vanquished.

Grand Total: 13 creatures vanquished

Table legend: (Time is in decaauts)
 A = Elapsed time spent in this place.
 B = Non-inter-level travel time spent in this place.
 C = Inter-level travel time spent in this place.
 D = Time resting spent in this place.
 E = Time spent auto-exploring this place.
 F = Levels seen in this place.
 G = Mean time per level.
                   A        B        C        D        E       F      G
               +--------+--------+--------+--------+--------+-----+--------+
         Total |    673 |    673 |      0 |    490 |     40 |   2 |  336.5 |
       Dungeon |    673 |    673 |      0 |    490 |     40 |   2 |  336.5 |
               +--------+--------+--------+--------+--------+-----+--------+

Top non-repeatable levels by time:
     D:5: 522 daAuts
     D:4: 150 daAuts

Table legend:
 A = Non-vault XP
 B = Vault XP
 C = Vault XP percentage of total XP
 D = Non-vault monster count
 E = Vault monster count
 F = Vault count percentage of total count
                 A         B        C        D         E       F
            +---------+---------+-------+---------+---------+-------
      Total |     100 |      45 |  31.0 |       4 |       3 |  42.9
            +---------+---------+-------+---------+---------+-------
        D:4 |      87 |      45 |  34.1 |       3 |       3 |  50.0
        D:5 |      13 |       0 |   0.0 |       1 |       0 |   0.0
            +---------+---------+-------+---------+---------+-------
